 Dungeon Crawl Stone Soup version 0.19-a0-2173-g1ee194f (webtiles) character file.

156 shpingle the Insei (level 5, -3/37 HPs)
             Began as a Merfolk Transmuter on Feb 23, 2017.
             Was an Initiate of Gozag.
             Slain by an orc
             ... wielding a +1 whip of electrocution
              (14 damage)
             ... on level 4 of the Dungeon.
             The game lasted 00:12:05 (2249 turns).

shpingle the Insei (Merfolk Transmuter)             Turns: 2249, Time: 00:12:06

Health: -3/37      AC:  2 (0%)Str: 10   XL:     5   Next: 37%
Magic:  1/8        EV: 14    Int: 14    God:    Gozag
Gold:   180        SH:  0    Dex: 14    Spells: 1/8 levels left

rFire    . . .     SeeInvis .     - Unarmed
rCold    . . .     Faith    .   b - +0 robe
rNeg     . . .     Spirit   .   (no shield)
rPois    .         Reflect  .   (no helmet)
rElec    .                      (no cloak)
rCorr    .                      (no gloves)
MR       .....                  (no boots)
Stlth    ++........             (no amulet)
Regen    0.2/turn               (no ring)
                                (no ring)

@: appendage (expiring), gold aura
A: change form in water, swift swim, stealthy swim, horns 2
a: End Transformation, Potion Petition, Call Merchant, Bribe Branch, Renounce
Religion


You were on level 4 of the Dungeon.
You worshipped Gozag.
Gozag was aware of your devotion.
You were not hungry.
You had grown temporary horns.
You visited 1 branch of the dungeon, and saw 4 of its levels.

You collected 320 gold pieces.
You paid 140 gold pieces to Gozag.

Inventory:

Hand Weapons
 f - a +0 spear
Missiles
 a - 189 arrows
 c - 553 stones (quivered)
Armour
 b - a +0 robe (worn)
 g - a +0 ring mail
Wands
 d - a wand of digging (7)
Scrolls
 i - a scroll of enchant weapon
 j - a scroll of recharging
 k - a scroll of magic mapping
Potions
 e - a potion of berserk rage
 h - a potion of brilliance


   Skills:
 - Level 1.1 Fighting
 + Level 4.3 Dodging
 + Level 0.5 Stealth
 * Level 5.4 Unarmed Combat
 - Level 2.0 Spellcasting
 + Level 0.4 Necromancy
 + Level 3.1 Transmutations


You had one spell level left.
You knew the following spells:

 Your Spells              Type           Power        Failure   Level  Hunger
a - Beastly Appendage     Tmut           10 (50)      10%         1    ##.....
b - Sticks to Snakes      Tmut           10 (100)     12%         2    ###....
c - Spider Form           Tmut           10 (200)     21%         3    ####...
z - Animate Skeleton      Necr           N/A          24%         1    ##.....


Dungeon Overview and Level Annotations

Branches:
Dungeon (4/15)
 Temple: D:4-7         Lair: D:-1         Crypt: Vaults:-1     Tomb: Vaults:-1

Altars:
Gozag


Innate Abilities, Weirdness & Mutations

You revert to your normal form in water.
You are very nimble and swift while swimming.
You are very stealthy in the water.
You have a pair of horns on your head.


Message History

The gnoll shaman barely misses your ball python.
Your ball python bites the gnoll shaman but does no damage.
Your ball python constricts the gnoll shaman (0).
The gnoll hits you but does no damage.
The gnoll shaman hits your ball python with a +0 whip (3).
The gnoll barely misses you.
Your ball python bites the gnoll shaman but does no damage.
Your ball python constricts the gnoll shaman (0).
You punch the gnoll (7)!
You kill the gnoll!
The gnoll shaman barely misses your ball python.
Your ball python bites the gnoll shaman (2).
Your ball python constricts the gnoll shaman (0).
The gnoll shaman calls down the wrath of its god upon you.
Your ball python resists with significant effort.
The orc hits you with a +1 whip of electrocution (5).
* * * LOW HITPOINT WARNING * * *
You are electrocuted (14)!
You die...
Your body crumbles into a pile of gold.

### #£# ## #g# ..
###.# .# #...#(.# #
#o###S.####.##
#..g..........
...###og####..#(..
.........S..o......
....◊◊◊◊.£.@....... ..
◊◊◊.◊◊◊..#.... #
◊.....◊..#........
...◊◊.....◊..#.......#
.......™.............#
....◊.....◊◊.........#
....◊.....◊◊.#.......#
....◊◊◊.◊◊◊◊..........
#.....↑.◊◊◊◊.#.......#


You could see a gnoll shaman, 3 orcs and a friendly ball python.

Vanquished Creatures
  3 gnolls (D:4)
  5 adders (D:2)
  4 orcs
  4 quokkas
  8 bats
  3 giant cockroaches
  8 goblins
  13 hobgoblins
  4 jackals (D:2)
  7 kobolds
  A ball python (D:3)
  8 frilled lizards
  2 rats (D:3)
70 creatures vanquished.

Vanquished Creatures (collateral kills)
  A goblin (D:2)
  A rat (D:3)
2 creatures vanquished.

Grand Total: 72 creatures vanquished

Notes
Turn   | Place    | Note
-------+----------+-------------------------------------------
     0 | D:1      | shpingle the Merfolk Transmuter began the quest for the Orb.
     0 | D:1      | Reached XP level 1. HP: 15/15 MP: 3/3
    26 | D:1      | Reached skill level 3 in Dodging
    78 | D:1      | Reached XP level 2. HP: 21/21 MP: 3/5
    88 | D:1      | Learned a level 2 spell: Sticks to Snakes
   488 | D:1      | Reached skill level 4 in Unarmed Combat
   580 | D:1      | Reached XP level 3. HP: 26/26 MP: 6/6
   745 | D:2      | Learned a level 3 spell: Spider Form
   909 | D:2      | Noticed an ogre
  1277 | D:2      | Reached XP level 4. HP: 27/32 MP: 2/7
  1532 | D:2      | Reached skill level 5 in Unarmed Combat
  1658 | D:3      | Learned a level 1 spell: Animate Skeleton
  1876 | D:3      | Reached XP level 5. HP: 37/37 MP: 5/8
  2194 | D:4      | Found an opulent altar of Gozag.
  2206 | D:4      | Became a worshipper of Gozag Ym Sagoz the Greedy
  2225 | D:4      | Reached skill level 3 in Transmutations
  2249 | D:4      | Slain by an orc

Vault maps used:
D:1:      minmay_arrival_jagged
D:2:      hex_tiny, lightli_corner_chamber
D:4:      nicolae_overflow_crystal_walls, lemuel_doored_altar, serial_shops,
          nicolae_shop_statue_plus, uniq_natasha

Skill      XL: |  1  2  3  4  5 |
---------------+----------------+-----
Dodging        | 3 4 |  4.3
Unarmed Combat | 4 5 |  5.4
Transmutations | 3 |  3.1
Fighting       | |  1.1
Stealth        | |  0.5
Spellcasting   | |  2.0
Necromancy     | |  0.4

Action                   |  1- 3 |  4- 6 || total
-------------------------+-------+-------++-------
Melee: Unarmed           |    90 |    80 ||   170
       Headbutt          |     8 |       ||     8
Throw: Stone             |     1 |       ||     1
 Cast: Beastly Appendage |    23 |     2 ||    25
       Spider Form       |     5 |    21 ||    26
       Sticks to Snakes  |     4 |     3 ||     7
       Animate Skeleton  |       |     5 ||     5
 Abil: End Transformatio |     1 |       ||     1
 Stab: Sleeping          |     2 |     1 ||     3
Armor: Robe              |    18 |     3 ||    21
Dodge: Dodged            |    46 |    58 ||   104
